 Dungeon Crawl Stone Soup version 0.25.0-26-g0c896c7088 (webtiles) character file.

Game seed: 208747444080831047

1912 MisterFreud the Grappler (level 8, -1/64 HPs)
             Began as a Demonspawn Abyssal Knight on July 5, 2020.
             Was a Priest of Lugonu.
             Succumbed to a killer bee's poison
             ... on level 7 of the Dungeon.
             The game lasted 00:08:24 (5839 turns).

MisterFreud the Grappler (DsAK)                     Turns: 5839, Time: 00:08:24

Health: -1/64      AC:  9    Str: 14    XL:     8   Next: 95%
Magic:  12/12      EV: 10    Int: 14    God:    Lugonu [***...]
Gold:   270        SH:  0    Dex: 13    Spells: 7/7 levels left

rFire    . . .     SeeInvis .     - Unarmed
rCold    + . .     Gourm    .   (no shield)
rNeg     . . .     Faith    .   d - +0 ring mail (curse)
rPois    .         Spirit   .   m - +0 helmet
rElec    .         Reflect  .   n - +0 cloak
rCorr    .         Harm     .   (no gloves)
MR       .....                  (no boots)
Stlth    +.........             c - amulet of regeneration
HPRegen  0.60/turn              (no ring)
MPRegen  0.13/turn              (no ring)

@: lethally poisoned (-1 -> -28), hasted, very quick
A: yellow scales 1, cold resistance 1, rot immunity, freezing cloud immunity
a: Depart the Abyss, Bend Space, Banish, Renounce Religion


You were on level 7 of the Dungeon.
You worshipped Lugonu.
Lugonu was most pleased with you.
You were not hungry.

You visited 1 branch of the dungeon, and saw 7 of its levels.
You visited the Abyss 1 time.

You collected 270 gold pieces.

Inventory:

Armour
 d - a cursed +0 ring mail (worn)
 m - a +0 helmet (worn)
 n - a +0 cloak (worn)
Jewellery
 c - an amulet of regeneration (around neck)
 j - an uncursed ring of ice
Wands
 y - a wand of iceblast (6)
Scrolls
 a - 4 scrolls of identify
 f - 3 scrolls of magic mapping {unknown}
 g - 2 scrolls of amnesia {unknown}
 h - 4 scrolls of teleportation {unknown}
 k - 2 scrolls of enchant weapon {unknown}
 o - a scroll of noise {unknown}
 p - a scroll of fear {unknown}
 q - a scroll of immolation {unknown}
 w - a scroll of enchant armour {unknown}
Potions
 e - a potion of mutation {unknown}
 i - a potion of haste
 l - a potion of stabbing {unknown}
 r - 3 potions of lignification
 s - 2 potions of brilliance {unknown}
 t - a potion of might {unknown}
 u - 2 potions of curing {unknown}
 v - 4 potions of magic
 x - a potion of degeneration {unknown}
 A - a potion of invisibility {unknown}
Comestibles
 b - 7 rations
 z - 12 chunks of flesh


   Skills:
 - Level 6.0 Fighting
 - Level 1.7 Armour
 - Level 0.8 Dodging
 + Level 9.0 Unarmed Combat
 - Level 6.0 Invocations


You had 7 spell levels left.
You didn't know any spells.
Your spell library was empty.

Dungeon Overview and Level Annotations

Branches:
Dungeon (7/15)             Temple (0/1) D:4

Altars:
Cheibriados
Dithmenos
Hepliaklqana
Okawaru


Innate Abilities, Weirdness & Mutations

You are partially covered in yellow scales. (AC +2)
Your flesh is cold resistant. (rC+)
You are immune to rotting.
You are immune to freezing clouds.


Message History

* * * LOW HITPOINT WARNING * * *
The killer bee stings you.
* * * LOW HITPOINT WARNING * * *
You are more poisoned.
The killer bee poisons you! The killer bee stings you.
* * * LOW HITPOINT WARNING * * *
You are more poisoned.
The killer bee poisons you!
It was a potion of magic.
Magic courses through your body.
* * * LOW HITPOINT WARNING * * *
You feel very sick. The killer bee closely misses you.
The killer bee stings you but does no damage.
The killer bee barely misses you. x2
Okay, then.
Unknown command.
Okay, then.
Unknown command.
It was a potion of haste.
You feel yourself speed up.
You die...

#...#..#
#...#..#...#
#..##..#...#
#..##..#...#
#......#...'
#..######..######
#..##..##..#....#
#.........yy....#
#.........@#
#..######..#
#..##..##..#
#..........#
#..........#
#..######..# ####
#..# ...# ....#


You could see 2 killer bees.

Vanquished Creatures
  Eustachio (D:4)
  An ice beast (D:6)
  A phantom (D:7)
  3 ogres
  A necrophage (D:5)
  5 centaurs (D:6)
  2 bullfrogs
  A water moccasin zombie (D:5)
  A wyvern skeleton (D:6)
  A killer bee (D:7)
  A crimson imp (D:5)
  A centaur zombie (D:6)
  A quasit (D:5)
  A centaur skeleton (D:4)
  3 hounds
  A bullfrog skeleton (D:6)
  2 iguanas
  3 worker ants
  2 hound zombies
  3 hound skeletons
  Robin (D:4)
  4 gnolls (D:7)
  6 adders
  A shadow imp (D:6)
  An adder skeleton (D:4)
  2 worms
  2 dart slugs
  3 leopard geckos
  2 orcs
  6 bats
  4 giant cockroaches
  3 goblins
  11 hobgoblins
  8 jackals
  4 frilled lizards
  5 kobolds
  2 leopard gecko zombies
  A quokka skeleton (D:5)
  6 rats
107 creatures vanquished.

Notes
Turn   | Place    | Note
-------+----------+-------------------------------------------
     0 | Abyss:1  | MisterFreud the Demonspawn Abyssal Knight began the quest
                  | for the Orb.
     0 | Abyss:1  | Reached XP level 1. HP: 18/18 MP: 2/2
    31 | D:1      | Escaped the Abyss
   283 | D:1      | Reached skill level 2 in Unarmed Combat
   421 | D:1      | Gained mutation: Your flesh is cold resistant. (rC+)
                  | [demonic ancestry]
   421 | D:1      | Reached XP level 2. HP: 23/24 MP: 3/3
   725 | D:1      | Reached skill level 3 in Unarmed Combat
   846 | D:2      | Reached ** piety under Lugonu
   958 | D:2      | Gained mutation: You are immune to rotting. [demonic
                  | ancestry]
   958 | D:2      | Reached XP level 3. HP: 29/29 MP: 4/4
  1956 | D:3      | Reached XP level 4. HP: 35/35 MP: 5/5
  1986 | D:3      | Reached skill level 4 in Unarmed Combat
  2455 | D:4      | Noticed Robin
  2469 | D:4      | Killed Robin
  2759 | D:4      | Found a staircase to the Ecumenical Temple.
  2808 | D:4      | Noticed Eustachio
  2836 | D:4      | Killed Eustachio
  2836 | D:4      | Reached skill level 5 in Unarmed Combat
  2836 | D:4      | Gained mutation: You are immune to freezing clouds.
                  | [demonic ancestry]
  2836 | D:4      | Reached XP level 5. HP: 31/41 MP: 6/6
  2911 | D:4      | Noticed an ogre
  2916 | D:4      | HP: 2/41 [ogre/+0 giant spiked club (18)]
  3006 | D:4      | Reached XP level 6. HP: 47/47 MP: 7/7
  3159 | D:4      | Found a shadowy altar of Dithmenos.
  3226 | D:4      | Noticed a shadow
  3228 | D:4      | Found a hazy altar of Hepliaklqana.
  3235 | D:4      | Reached skill level 6 in Unarmed Combat
  3478 | D:5      | Entered Level 5 of the Dungeon
  3751 | D:5      | Gained mutation: You are partially covered in yellow
                  | scales. (AC +2) [demonic ancestry]
  3751 | D:5      | Reached XP level 7. HP: 53/53 MP: 9/9
  3769 | D:5      | Found an iron altar of Okawaru.
  3914 | D:5      | Found a snail-covered altar of Cheibriados.
  4475 | D:5      | Reached skill level 5 in Invocations
  4516 | D:5      | Reached *** piety under Lugonu
  5016 | D:6      | Reached skill level 7 in Unarmed Combat
  5016 | D:6      | Reached XP level 8. HP: 52/61 MP: 12/12
  5022 | D:6      | Reached skill level 5 in Fighting
  5513 | D:6      | Reached skill level 8 in Unarmed Combat
  5828 | D:7      | Reached skill level 9 in Unarmed Combat
  5838 | D:7      | HP: 1/64 [poisoned by a killer bee]
  5839 | D:7      | Succumbed to a killer bee's poison

Illustrated notes

Levels and vault maps discovered:
D:1:      minmay_arrival_widening_spiral_wide, layout_basic,
          palyth_stone_intersect, chequers_mini_garden, hangedman_glass_teeth
D:2:      layout_basic, roderic_lattice_a
D:3:      layout_basic, serial_park_tiny_1
D:4:      layout_basic, riverfiend_overflow_shadow_ancestor, temple_statues,
          minmay_door_square, serial_bayou_pond_d, uniq_eustachio, uniq_robin
D:5:      layout_basic, basic_altar, first_ration, cheibriados_altar_1
D:6:      layout_basic
D:7:      layout_gridville

Skill      XL: |  1  2  3  4  5  6  7  8 |
---------------+-------------------------+-----
Unarmed Combat | 2 3 5 6 7 9 |  9.0
Invocations    | 3 5 6 |  6.0
Fighting       | 4 6 |  6.0
Armour         | |  1.7
Dodging        | |  0.8

Action                   |  1- 3 |  4- 6 |  7- 9 || total
-------------------------+-------+-------+-------++-------
Melee: Unarmed           |   185 |   177 |   274 ||   636
       Punch             |     3 |     2 |    11 ||    16
  Use: Scroll            |       |     1 |       ||     1
       Potion            |       |       |     2 ||     2
  Eat: Chunk             |     3 |     6 |     7 ||    16
Armor: Ring mail         |    89 |    42 |   111 ||   242
Dodge: Dodged            |   104 |    89 |   144 ||   337
